 Dungeon Crawl Stone Soup version 0.31-a0-986-g5e6e4ef867 (webtiles) character file.

Game seed: 15444476654582383687

175 lunkers the Cudgeller (level 6, -3/53 HPs)
             Began as a Meteoran Cinder Acolyte on Nov 20, 2023.
             Was a High Priest of Ignis.
             Slain by an orc warrior
             ... wielding a +0 hand axe
              (13 damage)
             ... on level 4 of the Dungeon.
             The game lasted 00:02:18 (1267 turns).

lunkers the Cudgeller (Meteoran Cinder Acolyte)     Turns: 1267, Time: 00:02:19

Health: -3/53      AC:  6    Str: 18    XL:     6   Next: 11%
Magic:  1/9        EV: 11    Int: 15    God:    Ignis [*****.]
Gold:   114        SH:  0    Dex: 10    Spells: 5/7 levels left

rFire   + . .        a - -1 mace (flame)
rCold   + . .        (no shield)
rNeg    . . .        e - +0 ring mail
rPois   .            (no helmet)
rElec   .            (no cloak)
rCorr   .            h - +0 pair of gloves
SInv    .            (no boots)
Will    .....        (no amulet) Stlth
                     j - ring of protection from cold
HPRegen 0.28/turn    (no ring)
MPRegen 0.11/turn

%: no passive effects
@: very slightly contaminated, glowing
A: sense surroundings 1, otherworldly, glowing, explore regen
a: Renounce Religion, Fiery Armour, Foxfire Swarm, Rising Flame


You were on level 4 of the Dungeon.
You worshipped Ignis.
Ignis was extremely pleased with you.
You visited 1 branch of the dungeon, and saw 4 of its levels.

You collected 114 gold pieces.

Inventory:

Hand Weapons
 a - a -1 mace of flaming (weapon)
Armour
 b - a +0 robe
 e - a +0 ring mail (worn)
 h - a +0 pair of gloves (worn)
Jewellery
 j - a ring of protection from cold (left hand)
Scrolls
 c - 6 scrolls of identify
 d - a scroll of summoning
Potions
 f - a potion of heal wounds
 g - 2 potions of attraction
 i - a potion of invisibility


   Skills:
 + Level 4.3 Fighting
 * Level 6.3 Maces & Flails
 + Level 2.4 Dodging
 - Level 1.3 Spellcasting
 - Level 3.6 Fire Magic


You had 5 spell levels left.
You knew the following spells:

 Your Spells              Type           Power      Damage    Failure   Level
p - Scorch                Fire           22%        2d5       14%         2

Your spell library contained the following spells:

 Spells                   Type           Power      Damage    Failure   Level
 Summon Small Mammal      Summ           4%         N/A       38%         1
 Call Canine Familiar     Summ           1%         N/A       77%         3
 Summon Guardian Golem    Hex/Summ       1%         N/A       77%         3


Dungeon Overview and Level Annotations

Branches:
Dungeon (4/15) Zot: 1118
 Temple: D:4-7

Altars:
Dithmenos


Innate Abilities, Weirdness & Mutations

You passively map a small area around you.
You are easily found by Zot.
You glow in the dark.
You regain HP and MP as you explore.


Message History

You sock the orc warrior! You burn the orc warrior.
The orc warrior is moderately wounded.
The orc warrior closely misses you.
The orc warrior hits you with a +0 hand axe!
Unknown command.
You hit the orc warrior but do no damage.
The orc warrior is moderately wounded.
The orc wizard gestures wildly while chanting.
The orc wizard flickers and vanishes!
Deactivating autopickup; reactivate with Ctrl-A.
The orc warrior barely misses you.
Unknown command.
You barely miss the orc warrior.
The orc warrior is moderately wounded.
The orc warrior hits you with a +0 hand axe.
Unknown command.
You hit the orc warrior. You burn the orc warrior.
The orc warrior is moderately wounded.
The orc warrior hits you with a +0 hand axe.
Unknown command.
You barely miss the orc warrior.
The orc warrior is moderately wounded.
The orc priest looks satisfied for a moment.
The orc warrior hits you with a +0 hand axe!
* * * LOW HITPOINT WARNING * * *
You barely miss the orc warrior.
The orc warrior is moderately wounded.
The orc warrior closely misses you.
Unknown command.
You completely miss the orc warrior.
The orc warrior is moderately wounded.
The orc warrior hits you with a +0 hand axe!
* * * LOW HITPOINT WARNING * * *
You hit the orc warrior but do no damage.
The orc warrior is moderately wounded.
The orc priest calls down the wrath of Beogh upon you.
Beogh smites you!
* * * LOW HITPOINT WARNING * * *
The orc warrior hits you with a +0 hand axe!
You die...

#..###.###.#######.######## *
#.(###.....................
,.............#......########
.###########....###### ,
#{#### * #o# ### * #o# #.. ,,
.# #o# #.. * .# #@# #.. #^#
#.# #.. #.# #.#**
*#########.. #.# #..
........... ##.###### ###
##.######§§
######...#...##*#### * ##§
.......#......##...## #. #.
.#####..[...........## #[# #.
.....##...>..........###.# #.


You could see an orc warrior, an orc priest and an orc.

Vanquished Creatures
  A black bear (D:4)
  3 adders
  3 dart slugs
  7 orcs
  A bat (D:1)
  3 endoplasms
  2 giant cockroaches
  4 goblins (D:1)
  2 hobgoblins
  8 ball pythons
  A frilled lizard (D:1)
  4 kobolds
  3 rats
42 creatures vanquished.

Vanquished Creatures (collateral kills)
  A frilled lizard (D:3)
1 creature vanquished.

Grand Total: 43 creatures vanquished

Notes
Turn   | Place    | Note
-------+----------+-------------------------------------------
     0 | D:1      | lunkers the Meteoran Cinder Acolyte began the quest for the
                  | Orb.
     0 | D:1      | Reached XP level 1. HP: 19/19 MP: 3/3
    72 | D:1      | Reached XP level 2. HP: 26/26 MP: 5/5
    92 | D:1      | Learned a level 2 spell: Scorch
   112 | D:1      | Reached skill level 1 in Dodging
   171 | D:1      | Reached XP level 3. HP: 31/31 MP: 3/6
   695 | D:2      | Reached skill level 5 in Maces & Flails
   794 | D:2      | Reached XP level 4. HP: 39/40 MP: 7/7
   910 | D:3      | Found a faded altar of an unknown god.
  1152 | D:4      | Found a shadowy altar of Dithmenos.
  1208 | D:4      | Reached XP level 5. HP: 41/46 MP: 8/8
  1211 | D:4      | Noticed a black bear
  1222 | D:4      | Killed a black bear
  1223 | D:4      | Reached skill level 6 in Maces & Flails
  1223 | D:4      | Reached XP level 6. HP: 31/53 MP: 1/9
  1237 | D:4      | Noticed an orc warrior
  1267 | D:4      | Slain by an orc warrior

Illustrated notes

Levels and vault maps discovered:
D:1:      nzn_arrival_water_spiral, layout_basic, minmay_pentomino_q4
D:2:      layout_loops_corners, uniq_crazy_yiuf_cottage
D:3:      layout_basic, mainiacjoe_overflow_24_doors, basic_ecumenical_altar,
          kennysheep_cluttered_room, wander_ebering_terrifying_dragon_lair
D:4:      layout_loops_ring, mainiacjoe_overflow_brackets,
          minmay_temple_entry_butterflies

Skill      XL: |  1  2  3  4  5 |
---------------+----------------+-----
Dodging        | 1 2 |  2.4
Maces & Flails | 5 6 |  6.3
Fighting       | 4 |  4.3
Spellcasting   | |  1.3
Fire Magic     | |  3.6

Action                     |  1- 3 |  4- 6 || total
---------------------------+-------+-------++-------
  Melee: Mace              |    45 |    55 ||   100
   Cast: Scorch            |     3 |    10 ||    13
    Use: Scroll            |       |     6 ||     6
 Armour: Robe              |     4 |       ||     4
         Ring mail         |    21 |    57 ||    78
  Dodge: Dodged            |    12 |    36 ||    48

Table legend: (Time is in decaauts)
 A = Elapsed time spent in this place.
 B = Non-inter-level travel time spent in this place.
 C = Inter-level travel time spent in this place.
 D = Time resting spent in this place.
 E = Time spent auto-exploring this place.
 F = Levels seen in this place.
 G = Mean time per level.
                   A        B        C        D        E       F      G
               +--------+--------+--------+--------+--------+-----+--------+
         Total |   1280 |   1221 |     59 |      0 |    890 |   4 |  320.0 |
       Dungeon |   1280 |   1221 |     59 |      0 |    890 |   4 |  320.0 |
               +--------+--------+--------+--------+--------+-----+--------+

Top non-repeatable levels by time:
     D:2: 566 daAuts
     D:4: 267 daAuts
     D:1: 264 daAuts
     D:3: 181 daAuts
